 Dungeon Crawl Stone Soup version 0.29-a0-393-g47a863cc1b (webtiles) character file.

Game seed: 146407307867969706

22598 zishaf the Warrior (level 13, 0/125 HPs)
             Began as an Ogre Chaos Knight on May 10, 2022.
             Was a Plaything of Xom.
             Slain by a cane toad (17 damage)
             ... on level 5 of the Lair of Beasts.
             The game lasted 00:42:41 (14359 turns).

zishaf the Warrior (Ogre Chaos Knight)             Turns: 14359, Time: 00:42:42

Health: 0/125      AC: 15    Str: 23    XL:     13   Next: 1%
Magic:  17/17      EV:  9    Int: 15    God:    Xom [.....*]
Gold:   979        SH:  0    Dex:  8    Spells: 10/18 levels left

rFire   . . .      SeeInvis +   u - +7 morningstar "Ytoohesk" {flame, rN++}
rCold   + . .      Faith    .   (no shield)
rNeg    + + .      Spirit   .   J - +0 acid dragon scales
rPois   .          Reflect  .   L - +0 hat {SInv}
rElec   .          Harm     .   q - +1 cloak
rCorr   +          Rampage  .   (gloves unavailable)
Will    ++...                   (boots unavailable)
Stlth   +.........              r - amulet of regeneration
HPRegen 1.10/turn               E - ring of willpower
MPRegen 0.15/turn               I - ring of protection from cold

@: unable to read
A: large, unfitting armour, tough skin 1, iridescent scales 3, clever 1,
deterioration 1, frail 2, mutation resistance 1, wild magic 1, inability to read
while threatened
a: Renounce Religion


You were on level 5 of the Lair of Beasts.
You worshipped Xom.
You were Xom's teddy bear.
You visited 2 branches of the dungeon, and saw 16 of its levels.

You collected 1546 gold pieces.
You spent 567 gold pieces at shops.

Inventory:

Hand Weapons
 a - a +0 mace of chaos
 k - a +7 spear
 m - the +10 trident of Disorder {vorpal, Int+3}
   (You found it on level 2 of the Dungeon)

   It inflicts extra damage upon your enemies.
   Int:       It affects your intelligence (+3).
 o - a +1 giant spiked club of draining
 t - a +0 antimagic mace
 u - the +7 morningstar "Ytoohesk" (weapon) {flame, rN++}
   (You bought it in a shop on level 1 of the Dungeon)

   It burns those it strikes, dealing additional fire damage.
   rN:        It greatly protects you from negative energy.
 x - a +0 giant club
Missiles
 C - 12 boomerangs
 F - 7 javelins
Armour
 q - a +1 cloak (worn)
 D - the +1 robe "Edeoth" {+Blink +Inv}
   (You bought it in a shop on level 6 of the Dungeon)

   +Inv:      It lets you turn invisible.
   +Blink:    It lets you blink.
 H - a +2 robe of fire resistance
 J - +0 acid dragon scales (worn)
 L - a +0 hat of see invisible (worn)
Jewellery
 d - a ring of ice
 r - an amulet of regeneration (around neck)
 w - an amulet of reflection
 E - a ring of willpower (left hand)
 I - a ring of protection from cold (right hand)
 M - a ring of fire
 P - a ring of flight
 Q - a ring of willpower
Wands
 e - a wand of flame (26)
 G - a wand of iceblast (7)
 U - a wand of charming (5)
Scrolls
 b - a scroll of identify
 h - 6 scrolls of teleportation
 p - 2 scrolls of fog
 y - a scroll of enchant armour
 z - 3 scrolls of enchant weapon
 N - a scroll of blinking
 O - 2 scrolls of poison
Potions
 f - 6 potions of flight
 g - 3 potions of curing
 i - a potion of brilliance
 j - 4 potions of attraction
 l - a potion of ambrosia
 n - 2 potions of berserk rage
 s - 2 potions of magic
 v - 2 potions of haste
 A - 5 potions of heal wounds
 B - 3 potions of might
 K - 2 potions of lignification
 T - a potion of resistance
Miscellaneous
 c - a piece from Xom's chessboard (15/15) (quivered)
 R - a condenser vane
 S - a phantom mirror


   Skills:
 + Level 17.6 Fighting
 + Level 11.1 Maces & Flails
 - Level 2.1 Dodging
 - Level 3.0 Spellcasting
 + Level 3.7 Conjurations
 - Level 6.0 Translocations
 + Level 3.8 Transmutations
 - Level 6.0 Evocations


You had 10 spell levels left.
You knew the following spells:

 Your Spells              Type           Power      Damage    Failure   Level
a - Teleport Other        Tloc           26%        N/A       10%         3
b - Irradiate             Conj/Tmut      8%         3d16      88%         5

Your spell library contained the following spells:

 Spells                   Type           Power      Damage    Failure   Level
 Gell's Gravitas          Tloc           26%        N/A       10%         3
 Lesser Beckoning         Tloc           26%        N/A       10%         3
 Animate Skeleton         Necr           4%         N/A       34%         1
 Spider Form              Tmut/Pois      10%        N/A       43%         3
 Ensorcelled Hibernation  Hex/Ice        4%         N/A       45%         2
 Sublimation of Blood     Necr           2%         N/A       45%         2
 Inner Flame              Hex/Fire       2%         N/A       67%         3
 Petrify                  Tmut/Erth      10%        N/A       82%         4
 Anguish                  Hex/Necr       1%         N/A       96%         4
 Animate Dead             Necr           1%         N/A       96%         4
 Cause Fear               Hex            1%         N/A       96%         4
 Olgreb's Toxic Radiance  Pois           2%         N/A       96%         4
 Borgnjor's Vile Clutch   Necr/Erth      1%         N/A       100%        5
 Haunt                    Necr/Summ      1%         N/A       100%        7
 Ozocubu's Refrigeration  Ice            1%         4d5       100%        7
 Borgnjor's Revivificati  Necr           1%         N/A       100%        8
 Discord                  Hex            1%         N/A       100%        8
 Ignition                 Fire           1%         3d3       100%        8
 Infestation              Necr           1%         N/A       100%        8


Dungeon Overview and Level Annotations

Branches:
Dungeon (11/15)            Temple (0/1) D:4            Lair (5/6) D:8
 Shoals (0/4) Lair:4        Snake (0/4) Lair:3          Orc (0/2) D:11
  Slime: Lair:5-6

Altars:
Cheibriados
Nemelex Xobeh
Qazlal
Sif Muna
Uskayaw
Xom
Zin

Shops:
D:1 (   D:6 [*[!   D:10 ?

Annotations:
D:10 3 runed translucent doors, Demosthentine's ghost, journeyman HOFi; NateTC's ghost, journeyman MiFi; deadleaves's ghost, journeyman DsAK; turdburglar's ghost, journeyman HuBr; ziggurnaut's ghost, journeyman DrCj
Lair:2 4 transporters, Reubyar's ghost, journeyman MiBe
Lair:5 exclusion: 4 oklob plants


Innate Abilities, Weirdness & Mutations

You are too large for most types of armour.
You have tough skin. (AC +1)
You are completely covered in iridescent scales. (AC +6)
Your mind is acute. (Int +2)
Your body sometimes deteriorates upon taking damage.
You are very frail. (-20% HP)
You are somewhat resistant to further mutation.
Your spells are a little harder to cast, but a little more powerful.
You sometimes lose the ability to read scrolls when taking damage.


Message History

Your life force feels restored.
You barely miss the bullfrog.
You feel very sick.
You are now Xom's teddy bear.
The bullfrog hits you but does no damage.
The cane toad stings you. The hell rat completely misses you.
You hit the bullfrog. You burn the bullfrog.
The bullfrog is moderately wounded.
You feel very sick. The bullfrog barely misses you. The cane toad stings you!
You feel threatened and lose the ability to read scrolls!
The hell rat bites you but does no damage.
The bullfrog hits you.
You impale the bullfrog!! You burn the bullfrog!
You kill the bullfrog!
You feel very sick.
The cane toad stings you but does no damage.
The hell rat barely misses you. The cane toad stings you.
* * * LOW HITPOINT WARNING * * *
You are more poisoned.
The cane toad poisons you!
You feel better.
The hell rat bites you but does no damage.
The cane toad completely misses you. The hell rat completely misses you.
You closely miss the cane toad. The cane toad closely misses you.
The hell rat bites you but does no damage.
You hit the cane toad. You burn the cane toad.
The cane toad is lightly wounded.
The cane toad stings you. The hell rat bites you!
* * * LOW HITPOINT WARNING * * *
You hit the cane toad. You burn the cane toad.
You punch the cane toad, but do no damage.
The cane toad is moderately wounded.
The cane toad stings you!
* * * LOW HITPOINT WARNING * * *
The hell rat bites you but does no damage.
You sock the cane toad! You burn the cane toad.
The cane toad is heavily wounded.
The cane toad stings you!
You die...

## #..## ...≈≈PP
#P##.P# P...≈≈≈
#..#.## .....≈≈
.###P..### .....?.
..........### ##
.......
.....##.....###
.#....... ....
##......####........
.## #........#F...#
#.......†@r...#
##.......†..#.#
#.........##.#
##...P#.P## #
#.P.##### ##P.P #P.
.. P.


You could see a cane toad and a hell rat.

Vanquished Creatures
  A quicksilver ooze (shapeshifter) (D:6)
  A catoblepas (D:10)
  2 hydras
  A two-headed ogre (D:10)
  An oklob plant (Lair:4)
  2 black mambas
  A gargoyle (D:10)
  6 cane toads
  A rime drake (Lair:4)
  7 komodo dragons
  A polar bear (Lair:5)
  18 blink frogs
  Grinder (D:6)
  5 dream sheep (Lair:4)
  A blink frog (shapeshifter) (Lair:2)
  Prince Ribbit (D:5)
  2 wyverns
  A spriggan (D:9)
  A wraith (D:9)
  Sigmund (D:4)
  8 yaks
  2 basilisks
  A fire bat (Lair:1)
  3 steam dragons
  2 acid dragons (D:8)
  3 nagas (Lair:3)
  9 water moccasins
  2 orc warriors (D:11)
  2 sky beasts
  2 ice beasts (D:6)
  2 black bears
  3 ogres
  5 centaurs
  2 phantoms (D:6)
  Blork the orc (D:6)
  A kobold brigand (D:7)
  7 bullfrogs
  A gnoll sergeant (D:9)
  3 necrophages
  3 scorpions (D:6)
  13 wights
  6 killer bees
  3 electric eels (Lair:1)
  5 howler monkeys
  2 lava snakes (Lair:1)
  2 gnoll shamans
  3 orc priests
  4 hounds
  Natasha (twice) (D:2)
  2 iguanas
  6 orc wizards
  3 hell rats (Lair:5)
  Robin (D:2)
  4 adders
  15 gnolls
  A shadow imp (D:6)
  3 ufetubi
  A worm (D:2)
  50 orcs
  4 ball pythons
  6 endoplasms
  5 giant cockroaches
  12 goblins
  8 hobgoblins
  13 kobolds
  2 quokkas
  3 bats
  5 frilled lizards
  5 rats
306 creatures vanquished.

Vanquished Creatures (collateral kills)
  An orc warrior (D:10)
  3 wolves (Lair:1)
  2 wights (D:8)
  A howler monkey (D:8)
  Natasha (D:2)
  A shadow imp (D:6)
  An orc (D:10)
  A bat (D:3)
11 creatures vanquished.

Vanquished Creatures (others)
  A wight (D:8)
  8 fungi
  17 plants
26 creatures vanquished.

Grand Total: 343 creatures vanquished

Notes
Turn   | Place    | Note
-------+----------+-------------------------------------------
     0 | D:1      | zishaf the Ogre Chaos Knight began the quest for the Orb.
     0 | D:1      | Reached XP level 1. HP: 24/24 MP: 1/1
   128 | D:1      | XOM: silly message
   174 | D:1      | XOM: silly message
   245 | D:1      | Found Vacrey's Antique Weapon Shoppe.
   256 | D:1      | Reached XP level 2. HP: 33/33 MP: 2/2
   793 | D:1      | XOM: noise
  1007 | D:2      | Reached XP level 3. HP: 41/41 MP: 3/3
  1019 | D:2      | XOM: god gift: 30 gold pieces
  1080 | D:2      | Noticed Robin
  1104 | D:2      | XOM: potion effect (brilliance)
  1107 | D:2      | Reached skill level 5 in Fighting
  1116 | D:2      | HP: 2/42 [goblin/+0 vampiric dagger[Robin] (5)]
  1123 | D:2      | HP: 1/42 [goblin/+0 vampiric dagger[Robin] (2)]
  1484 | D:2      | Killed Robin
  1649 | D:2      | XOM is BORED!
  1649 | D:2      | XOM: 3-stop teleportation journey
  1826 | D:2      | Found a snail-covered altar of Cheibriados.
  1842 | D:2      | Noticed Natasha
  1843 | D:2      | XOM: cast spell 'Summon Ice Beast'
  1848 | D:2      | Killed Natasha
  1849 | D:2      | Reached XP level 4. HP: 40/50 MP: 4/4
  1993 | D:2      | Noticed Natasha
  1999 | D:2      | Killed Natasha
  2059 | D:2      | Reached XP level 5. HP: 56/59 MP: 5/5
  2073 | D:2      | Identified the +10 trident of Disorder {vorpal, Int+3}
  2080 | D:2      | Learned a level 3 spell: Teleport Other
  2140 | D:2      | Noticed Natasha
  2151 | D:2      | Killed Natasha
  2152 | D:2      | Reached skill level 6 in Fighting
  2213 | D:3      | Noticed an ogre
  2225 | D:3      | XOM: noise
  2227 | D:3      | XOM: divination: detect creatures
  2234 | D:3      | Killed an ogre
  2235 | D:3      | Reached skill level 1 in Spellcasting
  2235 | D:3      | Reached skill level 1 in Translocations
  2235 | D:3      | Reached XP level 6. HP: 44/68 MP: 5/8
  2369 | D:3      | Found the +4 dagger "Morg" {pain, Will+ Int+5}
  2447 | D:3      | XOM: cast spell 'Summon Ice Beast'
  2539 | D:3      | XOM is BORED!
  2539 | D:3      | XOM: give mutations
  2539 | D:3      | Gained mutation: You are agile. (Dex +2) [Xom's mischief]
  2539 | D:3      | Gained mutation: You are dopey. (Int -2) [Xom's mischief]
  2539 | D:3      | Lost mutation: You are dopey. (Int -2) [Xom's mischief]
  2546 | D:3      | XOM: 6-stop teleportation journey
  2759 | D:3      | XOM: silly message
  2797 | D:1      | Bought a fading morningstar for 198 gold pieces
  2797 | D:1      | Identified the +7 morningstar "Ytoohesk" {flame, rN++} (You
                  | bought it in a shop on level 1 of the Dungeon)
  2856 | D:4      | Noticed Sigmund
  2862 | D:4      | Killed Sigmund
  2863 | D:4      | Reached skill level 7 in Fighting
  3267 | D:4      | XOM is BORED!
  3414 | D:4      | Reached XP level 7. HP: 79/79 MP: 10/10
  3471 | D:4      | XOM: divination: detect items
  3649 | D:5      | Entered Level 5 of the Dungeon
  3670 | D:4      | Found a staircase to the Ecumenical Temple.
  3763 | D:5      | XOM: give mutations
  3763 | D:5      | Gained mutation: You are frail. (-10% HP) [Xom's mischief]
  3763 | D:5      | Gained mutation: You sometimes lose the ability to read
                  | scrolls when taking damage. [Xom's mischief]
  3763 | D:5      | Lost mutation: You are agile. (Dex +2) [Xom's mischief]
  3795 | D:5      | Reached skill level 8 in Fighting
  3828 | D:5      | Noticed Prince Ribbit
  3851 | D:5      | XOM: blink monster(s)
  3853 | D:5      | XOM: silly message
  3865 | D:5      | Killed Prince Ribbit
  3939 | D:5      | Reached XP level 8. HP: 69/80 MP: 12/12
  3942 | D:5      | Reached skill level 9 in Fighting
  3944 | D:5      | XOM: chaos upgrade
  3946 | D:5      | Reached skill level 5 in Maces & Flails
  4283 | D:5      | XOM: blink monster(s)
  4646 | D:6      | XOM: give mutation
  4646 | D:6      | Gained mutation: Your body sometimes deteriorates upon
                  | taking damage. [Xom's mischief]
  4660 | D:6      | Reached skill level 10 in Fighting
  4685 | D:6      | Found Meamnulo's Distillery.
  4688 | D:6      | Found Beor's Armour Boutique.
  4688 | D:6      | Found Dugenufea's Antique Armour Boutique.
  4688 | D:6      | Found Guazukk's Assorted Antiques.
  4707 | D:6      | Bought a potion of heal wounds for 60 gold pieces
  4718 | D:6      | Found Puphut's Armour Boutique.
  4746 | D:6      | Reached XP level 9. HP: 70/91 MP: 13/13
  4754 | D:6      | Found a large runed translucent door.
  4754 | D:6      | Found a large runed translucent door.
  4754 | D:6      | Noticed Grinder
  4754 | D:6      | XOM: 7-stop teleportation journey
  4802 | D:6      | XOM: give mutation
  4802 | D:6      | Gained mutation: Your flesh is heat resistant. (rF+) [Xom's
                  | grace]
  4808 | D:6      | Reached skill level 11 in Fighting
  4826 | D:6      | Killed Grinder
  4927 | D:6      | Noticed a glowing shapeshifter
  4927 | D:6      | a gnoll changed into a glowing shapeshifter
  4927 | D:6      | XOM: polymorph gnoll -> glowing shapeshifter
  4927 | D:6      | a glowing shapeshifter changed into a swamp worm
  4931 | D:6      | Noticed a quicksilver ooze
  4931 | D:6      | a swamp worm changed into a quicksilver ooze
  4935 | D:6      | Noticed a death yak
  4935 | D:6      | a quicksilver ooze changed into a death yak
  4937 | D:6      | Noticed a fire dragon
  4937 | D:6      | a death yak changed into a fire dragon
  4958 | D:6      | Noticed a quicksilver ooze
  4962 | D:6      | XOM: scenery: create altars
  4967 | D:6      | Killed a quicksilver ooze
  4968 | D:6      | Reached skill level 12 in Fighting
  4968 | D:6      | Reached skill level 5 in Translocations
  5168 | D:6      | Noticed Blork the orc
  5174 | D:6      | Killed Blork the orc
  5338 | D:6      | Found a glowing silver altar of Zin.
  5419 | D:6      | XOM: summons friendly shadow imp
  5420 | D:6      | XOM: enchant monster (good)
  5421 | D:6      | Reached skill level 13 in Fighting
  5421 | D:6      | Reached XP level 10. HP: 100/107 MP: 14/14
  5737 | D:6      | Found a hide-covered altar of Uskayaw.
  5750 | D:6      | Found a stormy altar of Qazlal.
  5787 | D:6      | XOM: smoke on damage
  5832 | D:6      | XOM: noise
  6132 | D:6      | XOM: enchant monster (good)
  6165 | D:6      | Bought a smoking robe for 199 gold pieces
  6165 | D:6      | Identified the +1 robe "Edeoth" {+Blink +Inv} (You bought
                  | it in a shop on level 6 of the Dungeon)
  6191 | D:7      | XOM: give mutation
  6191 | D:7      | Gained mutation: You are partially covered in iridescent
                  | scales. (AC +2) [Xom's grace]
  6361 | D:7      | Reached skill level 1 in Evocations
  6807 | D:7      | XOM: give mutations
  6807 | D:7      | Gained mutation: Your mind is acute. (Int +2) [Xom's grace]
  6807 | D:7      | Gained mutation: You are mostly covered in iridescent
                  | scales. (AC +4) [Xom's grace]
  6807 | D:7      | Gained mutation: Your flesh is cold resistant. (rC+) [Xom's
                  | grace]
  6807 | D:7      | Gained mutation: Your spells are a little harder to cast,
                  | but a little more powerful. [Xom's grace]
  7174 | D:8      | XOM: god gift: 36 gold pieces
  7330 | D:8      | XOM: enchant monster (good)
  7356 | D:8      | XOM: summons 4 friendly demons
  7360 | D:8      | Reached skill level 14 in Fighting
  7456 | D:8      | Found a staircase to the Lair.
  7465 | D:8      | XOM: cleaving
  7467 | D:8      | XOM: potion effect (invisibility)
  7919 | D:9      | XOM: give mutation
  7919 | D:9      | Gained mutation: You are completely covered in iridescent
                  | scales. (AC +6) [Xom's grace]
  8152 | D:9      | Identified a scroll of acquirement
  8152 | D:9      | Acquired 473 gold pieces
  8197 | D:9      | XOM: enchant monster (good)
  8318 | D:9      | XOM: noise
  8327 | D:9      | Lost mutation: Your flesh is heat resistant. (rF+) [potion
                  | of mutation]
  8327 | D:9      | Lost mutation: Your flesh is cold resistant. (rC+) [potion
                  | of mutation]
  8327 | D:9      | Gained mutation: You are very frail. (-20% HP) [potion of
                  | mutation]
  8327 | D:9      | Gained mutation: You are somewhat resistant to further
                  | mutation. [potion of mutation]
  8389 | D:9      | Reached XP level 11. HP: 100/104 MP: 15/15
  8559 | D:10     | Entered Level 10 of the Dungeon
  8585 | D:10     | Identified the +1 falchion of Iruon {flame, rCorr Int+3}
  8633 | D:10     | XOM: summons 6 friendly demons
  8712 | D:10     | Noticed a two-headed ogre
  8733 | D:10     | XOM: cast spell 'Summon Small Mammal'
  8788 | D:10     | Found a sparkling altar of Nemelex Xobeh.
  8788 | D:10     | Found a shimmering blue altar of Sif Muna.
  8821 | D:10     | Killed a two-headed ogre
  8864 | D:10     | Found a runed translucent gate.
  8864 | D:10     | Found a runed translucent gate.
  8865 | D:10     | Found a runed translucent gate.
  8866 | D:10     | Noticed Demosthentine's ghost (journeyman HOFi)
  8866 | D:10     | Noticed turdburglar's ghost (journeyman HuBr)
  8866 | D:10     | Noticed deadleaves's ghost (journeyman DsAK)
  8866 | D:10     | Noticed ziggurnaut's ghost (journeyman DrCj)
  8866 | D:10     | Noticed NateTC's ghost (journeyman MiFi)
  8927 | D:10     | Noticed a catoblepas
  8972 | D:10     | Killed a catoblepas
  8973 | D:10     | Reached skill level 15 in Fighting
  9096 | D:10     | XOM: divination: magic mapping
  9227 | D:10     | XOM: god gift: scroll of enchant weapon
  9298 | D:10     | Found Jexzir's Magic Scroll Shoppe.
  9307 | D:10     | Bought a scroll of blinking for 75 gold pieces
  9307 | D:10     | Bought a scroll of poison for 35 gold pieces
  9595 | D:11     | Noticed a six-headed hydra
  9598 | D:11     | XOM: confuse monster(s)
  9607 | D:11     | Killed a six-headed hydra
  9665 | D:11     | XOM: summons friendly ufetubus
  9716 | D:11     | Found a staircase to the Orcish Mines.
  9810 | D:11     | Noticed a two-headed ogre
  9831 | D:11     | XOM: summons 2 friendly demons
  9855 | D:11     | XOM: potion effect (invisibility)
  9934 | D:11     | Noticed a boulder beetle
  9937 | D:11     | XOM: cast spell 'Summon Ice Beast'
  9946 | D:11     | XOM: summons friendly white imp
 10058 | Lair:1   | Entered Level 1 of the Lair of Beasts
 10219 | Lair:1   | Reached skill level 5 in Evocations
 10227 | Lair:1   | XOM: silly message
 10286 | Lair:1   | XOM: summons 3 hostile shadow creatures
 10476 | Lair:1   | XOM: summons 11 friendly demons
 10572 | Lair:1   | XOM: scenery: create altars
 10573 | Lair:1   | XOM: fog
 10673 | Lair:1   | XOM: confuse monster(s)
 10675 | Lair:1   | XOM: destruction
 10708 | Lair:1   | XOM: polymorph blink frog -> fire bat
 10860 | Lair:1   | XOM: cast spell 'Dispersal'
 10864 | Lair:1   | XOM: noise
 10925 | Lair:1   | XOM: enchant monster (good)
 10947 | Lair:1   | XOM: divination: detect creatures
 11058 | Lair:1   | Reached skill level 16 in Fighting
 11159 | Lair:1   | Identified the +4 kite shield of Dice, Bag, and Bottle
                  | {Drain Dex+5}
 11562 | Lair:2   | XOM: polymorph cane toad -> shapeshifter
 11572 | Lair:2   | Reached XP level 12. HP: 102/115 MP: 16/16
 11671 | Lair:2   | Noticed a death yak
 11678 | Lair:2   | Noticed a four-headed hydra
 11686 | Lair:2   | Killed a four-headed hydra
 11687 | Lair:2   | Reached skill level 10 in Maces & Flails
 11758 | Lair:2   | Noticed a boulder beetle
 11760 | Lair:2   | Noticed a four-headed hydra
 11760 | Lair:2   | Noticed Reubyar's ghost (journeyman MiBe)
 11803 | Lair:2   | Found a transporter.
 11810 | Lair:2   | Found a transporter.
 11899 | Lair:2   | Found a transporter.
 11900 | Lair:2   | Found a transporter.
 11900 | Lair:2   | Noticed a boulder beetle
 11922 | Lair:2   | XOM: 1-stop teleportation journey
 11926 | Lair:2   | XOM: noise
 11927 | Lair:2   | XOM: silly message
 12014 | Lair:2   | Learned a level 5 spell: Irradiate
 12252 | Lair:3   | XOM: noise
 12422 | Lair:3   | Reached skill level 1 in Conjurations
 12422 | Lair:3   | Reached skill level 1 in Transmutations
 12471 | Lair:3   | Found a staircase to the Snake Pit.
 12542 | Lair:3   | Reached skill level 17 in Fighting
 12576 | Lair:3   | XOM: confuse monster(s)
 12610 | Lair:3   | XOM: stat loss: -1 Int (14/15)
 13351 | Lair:4   | XOM: noise
 13452 | Lair:4   | XOM: chaos cloud
 13458 | Lair:4   | XOM: blink monster(s)
 13532 | Lair:4   | XOM: noise
 13565 | Lair:4   | XOM: enchant monster (bad)
 13605 | Lair:4   | XOM: summons 1 hostile shadow creature
 13693 | Lair:4   | Found a staircase to the Shoals.
 14089 | Lair:4   | XOM: potion effect (curing)
 14136 | Lair:5   | XOM: noise
 14142 | Lair:5   | XOM: divination: detect creatures
 14144 | Lair:5   | XOM: cast spell 'Call Canine Familiar'
 14222 | Lair:5   | Identified the +0 rapier of Fear {freeze, Str-5 Int+3
                  | Dex+2}
 14265 | Lair:5   | Got the Reference Book on Sinister Arts
 14349 | Lair:5   | Reached XP level 13. HP: 74/124 MP: 17/17
 14359 | Lair:5   | Slain by a cane toad

Illustrated notes

Levels and vault maps discovered:
D:1:      ncdulo_wetmaze, layout_loops_ring, serial_shops, shop
D:2:      layout_basic, basic_altar, uniq_natasha, uniq_robin
D:3:      layout_rooms
D:4:      layout_gridville, minmay_temple_entry_from_below_b, uniq_sigmund
D:5:      layout_basic, minmay_diced_spiral, uniq_prince_ribbit1
D:6:      layout_loops_ring, zin_academy, jmf_multi_god_temple2, minivault_25,
          minmay_shop_grid_forest, grunt_ministairs_4,
          hangedman_abyss_or_decor_stagger, nicolae_inconvenience_store,
          nicolae_fountain_basement, uniq_blork_the_orc, uniq_grinder
D:7:      layout_basic, chequers_avenue
D:8:      layout_loops_cross, david_lair_shrubbed
D:9:      layout_roguey, the_hattery
D:10:     layout_basic, gammafunk_temple_overflow_wave,
          gammafunk_ghost_cemetery, serial_shops, nicolae_lakefront_shop
D:11:     layout_basic, hiddenorc2_lemuel, tso_altar
Lair:1:   layout_hall_layers, nicolae_lair_liquid_snakes, grunt_megastairs_5,
          infiniplex_staircase_pool_2
Lair:2:   gammafunk_boulding_lane, layout_regular_city, gammafunk_ghost_arena
Lair:3:   layout_chaotic_city, guppyfry_snake_entry_island
Lair:4:   layout_roguey, shoals_dummy_entry, chequers_serial_rivers_micro_b
Lair:5:   layout_cave_pods, dpeg_oklob_1

Skill      XL: |  1  2  3  4  5  6  7  8  9 10 11 12 |
---------------+-------------------------------------+-----
Maces & Flails | 3 4 5 6 8 9 11 | 11.1
Fighting       | 5 6 7 8 10 13 14 16 17 | 17.6
Spellcasting   | 1 2 3 |  3.0
Translocations | 1 2 4 5 6 |  6.0
Evocations     | 3 5 6 |  6.0
Conjurations   | 3 |  3.7
Transmutations | 3 |  3.8
Dodging        | |  2.1

Action                   |  1- 3 |  4- 6 |  7- 9 | 10-12 | 13-15 || total
-------------------------+-------+-------+-------+-------+-------++-------
Melee: Mace              |    91 |    19 |       |       |       ||   110
       Trident           |       |    36 |       |       |       ||    36
       Morningstar       |       |    20 |   145 |   585 |    10 ||   760
       Punch             |       |       |     4 |     5 |     1 ||    10
Evoke: Wand              |       |       |     5 |     9 |       ||    14
       Piece from Xom's  |       |       |       |     4 |       ||     4
  Use: Scroll            |       |     8 |     6 |    12 |       ||    26
       Potion            |       |       |     1 |     4 |     1 ||     6
 Stab: Invisible         |       |       |       |     3 |       ||     3
       Distracted        |       |       |       |     2 |       ||     2
       Confused          |       |       |       |     1 |       ||     1
Armor: Robe              |    46 |    27 |    52 |    67 |       ||   192
       Acid dragon scale |       |       |       |   241 |    10 ||   251
Dodge: Dodged            |    55 |    31 |    82 |   306 |    12 ||   486

Table legend: (Time is in decaauts)
 A = Elapsed time spent in this place.
 B = Non-inter-level travel time spent in this place.
 C = Inter-level travel time spent in this place.
 D = Time resting spent in this place.
 E = Time spent auto-exploring this place.
 F = Levels seen in this place.
 G = Mean time per level.
                   A        B        C        D        E       F      G
               +--------+--------+--------+--------+--------+-----+--------+
         Total |  14487 |  13592 |    895 |    811 |   9375 |  16 |  905.4 |
       Dungeon |  10183 |   9466 |    717 |    642 |   6352 |  11 |  925.7 |
          Lair |   4304 |   4127 |    177 |    169 |   3023 |   5 |  860.8 |
               +--------+--------+--------+--------+--------+-----+--------+

Top non-repeatable levels by time:
     D:6: 1476 daAuts
     D:1: 1303 daAuts
  Lair:1: 1302 daAuts
     D:5: 1099 daAuts
  Lair:4: 1071 daAuts
     D:2: 1011 daAuts
    D:10: 1007 daAuts
     D:7: 971 daAuts
  Lair:2: 923 daAuts
     D:4: 833 daAuts
     D:8: 792 daAuts
  Lair:3: 773 daAuts
     D:9: 713 daAuts
     D:3: 578 daAuts
    D:11: 394 daAuts
